 Dungeon Crawl Stone Soup version 0.24.0-13-gcf9b319 (webtiles) character file.

Game seed: 7383613251245535023, levelgen mode: deterministic

170 Fortress the Digger (level 5, -1/29 HPs)
             Began as a Gargoyle Earth Elementalist on Jan 6, 2020.
             Slain by Grinder (3 damage)
             ... on level 3 of the Dungeon.
             The game lasted 00:11:49 (3215 turns).

Fortress the Digger (Gargoyle Earth Elementalist)   Turns: 3215, Time: 00:11:50

Health: -1/29      AC:  8    Str: 12    XL:     5   Next: 51%
Magic:  9/9        EV: 12    Int: 16    God:
Gold:   171        SH:  0    Dex: 10    Spells: 9/10 levels left

rFire    . . .     SeeInvis .   s - +3 flail (drain)
rCold    . . .     Gourm    .   (no shield)
rNeg     + . .     Faith    .   c - +0 robe
rPois    ∞         Spirit   .   i - +0 helmet
rElec    +         Reflect  .   (no cloak)
rCorr    .         Harm     .   k - +0 pair of gloves
MR       .....                  (no boots)
Stlth    ++........             (no amulet)
HPRegen  0.09/turn              (no ring)
MPRegen  0.11/turn              (no ring)

@: hasted, very quick
A: negative energy resistance 1, electricity resistance, unbreathing,
petrification resistance, rot immunity, AC +4
a: no special abilities


You were on level 3 of the Dungeon.
You were hungry.

You visited 1 branch of the dungeon, and saw 3 of its levels.

You collected 171 gold pieces.

Inventory:

Hand Weapons
 f - a +0 spear
 s - a +3 flail of draining (weapon)
Missiles
 b - 52 stones (quivered)
 e - 39 poisoned darts
Armour
 c - a +0 robe (worn)
 i - a +0 helmet (worn)
 k - a +0 pair of gloves (worn)
Jewellery
 h - an uncursed ring of resist corrosion {unknown}
 o - an uncursed ring of magical power
 q - an uncursed amulet of harm {unknown}
Scrolls
 a - a scroll of amnesia {unknown}
 j - 5 scrolls of teleportation {unknown}
 l - a scroll of identify {unknown}
Potions
 g - a potion of flight {unknown}
 m - a potion of haste
 n - a potion of cancellation {unknown}
 p - a potion of brilliance {unknown}
 r - a potion of lignification {unknown}
Comestibles
 d - 8 rations


   Skills:
 + Level 1.5 Fighting
 - Level 1.7 Dodging
 - Level 2.2 Stealth
 - Level 3.0 Spellcasting
   Level 0.7 Transmutations
 - Level 6.0 Earth Magic


You had 9 spell levels left.
You knew the following spells:

 Your Spells              Type           Power        Failure   Level  Hunger
a - Sandblast             Erth           ###...       1%          1    #......

Your spell library contained the following spells:

 Spells                   Type           Power        Failure   Level  Hunger
 Passwall                 Tmut/Erth      ##......     7%          2    ##.....
 Stone Arrow              Conj/Erth      ##....       16%         3    ###....
 Lee's Rapid Deconstruct  Erth           ###.......   41%         5    ######.
 Petrify                  Tmut/Erth      ##......     43%         4    #####..


Dungeon Overview and Level Annotations

Branches:
Dungeon (3/15)

Altars:
Hepliaklqana
Ru

Annotations:
D:3 Grinder


Innate Abilities, Weirdness & Mutations

You are resistant to torment.
Your stone body is resilient. (AC +4)
You are immune to poison.
You resist negative energy. (rN+)
You are resistant to electric shocks. (rElec)
You can survive without breathing.
You are immune to petrification.
You are immune to rotting.


Message History

Grinder gestures at you.
You suddenly lose the ability to move!
The adder bites you but does no damage. The adder bites you but does no damage.
Grinder hits you!
You writhe in agony.
The adder bites you.
You are feeling hungry.
The adder bites you. Grinder hits you.
You writhe in agony.
The adder completely misses you. Grinder hits you but does no damage.
The adder bites you.
* * * LOW HITPOINT WARNING * * *
Grinder hits you but does no damage.
The adder bites you but does no damage. x2
Grinder gestures at you. Pain shoots through your body!
* * * LOW HITPOINT WARNING * * *
The adder bites you.
* * * LOW HITPOINT WARNING * * *
You can move again.
It was a potion of haste.
You feel yourself speed up. Grinder hits you but does no damage.
The adder barely misses you. Grinder hits you.
You die...

.. . #..#...†##.
#.##.# ##...##†##.
#.##.####..........
##..................
#.(........#####.#..
#..#######.# #>#..
#..# #.#####.#..
#.5#######..........
#.S@.........#####.
#.########...# #.#
#.### #.# #.# #.#
#.#######.
#.########.........
#..........########
############


You could see Grinder and an adder.

Vanquished Creatures
  An orc wizard (D:3)
  5 adders
  6 worms
  3 dart slugs
  4 leopard geckos
  6 orcs (D:3)
  3 giant cockroaches
  7 goblins
  8 hobgoblins
  7 jackals (D:3)
  A quokka (D:3)
  4 ball pythons
  4 bats
  4 frilled lizards
  4 kobolds (D:1)
  3 rats
70 creatures vanquished.

Notes
Turn   | Place    | Note
-------+----------+-------------------------------------------
     0 | D:1      | Fortress the Gargoyle Earth Elementalist began the quest
                  | for the Orb.
     0 | D:1      | Reached XP level 1. HP: 10/10 MP: 3/3
    69 | D:1      | Reached skill level 4 in Earth Magic
    72 | D:1      | Reached XP level 2. HP: 12/15 MP: 0/5
   778 | D:1      | Reached XP level 3. HP: 18/19 MP: 6/6
  1283 | D:2      | Found a hazy altar of Hepliaklqana.
  1390 | D:2      | Reached skill level 5 in Earth Magic
  1425 | D:2      | Reached XP level 4. HP: 24/24 MP: 7/7
  2472 | D:3      | Reached XP level 5. HP: 24/28 MP: 9/9
  2512 | D:3      | Reached skill level 6 in Earth Magic
  2829 | D:3      | Found a sacrificial altar of Ru.
  2950 | D:3      | Reached skill level 1 in Fighting
  3201 | D:3      | Noticed Grinder
  3206 | D:3      | Paralysed by Grinder for 7 turns
  3215 | D:3      | Slain by Grinder

Levels and vault maps discovered:
D:1:      dpeg_arrival_houses_and_road, layout_loops_ring
D:2:      layout_basic, lemuel_crystal_altar, first_ration, grunt_ministairs_7
D:3:      layout_loops_ring, lemuel_doored_altar, uniq_jessica, uniq_grinder,
          uniq_natasha

Skill      XL: |  1  2  3  4  5 |
---------------+----------------+-----
Earth Magic    | 4 5 6 |  6.0
Spellcasting   | 3 |  3.0
Fighting       | 1 |  1.5
Dodging        | |  1.7
Stealth        | |  2.2
Transmutations | |  0.7

Action                   |  1- 3 |  4- 6 || total
-------------------------+-------+-------++-------
Melee: Unarmed           |    13 |       ||    13
       Spear             |   122 |   126 ||   248
       Flail             |       |    40 ||    40
 Cast: Sandblast         |     6 |    15 ||    21
  Use: Potion            |       |     1 ||     1
 Stab: Sleeping          |     4 |     2 ||     6
  Eat: Ration            |     1 |       ||     1
       Chunk             |       |     4 ||     4
Armor: Robe              |    49 |    62 ||   111
Dodge: Dodged            |    76 |   112 ||   188
